Map: Écho EC

Players

명옥씨 - Winner!

  • Race: Terran Terran
  • League: Grandmaster

AgCl

  • Race: Protoss Protoss
  • League: Grandmaster

VOD

Have the link to the VOD?

Description

Time

  • Played on: June 6, 2015, 12:23 a.m.
  • Length: 10:18
Show
View Real Time Build Order
Export as new Build Order

명옥씨 Terran - Winner!

Build Orders: MMM Bio 

Get SALT Encoding   

  12  0:01  SCV  
  13  0:13  SCV  
  14  0:17  Supply Depot  
  14  0:26  SCV  
  15  0:30  Refinery  
  15  0:39  SCV  
  16  0:44  Barracks  
  16  0:51  SCV  
  17  1:03  SCV  
  18  1:15  SCV  
  19  1:27  SCV  
  20  1:35  Factory, Marine  
  21  1:41  Orbital Command  
  21  1:42  Supply Depot  
  21  1:58  Barracks Reactor  
  21  2:06  SCV  
  22  2:18  SCV, Widow Mine  
  24  2:26  Supply Depot  
  24  2:41  Command Center  
  24  2:45  Starport  
  24  2:57  Hellion x2  
  28  3:00  SCV  
  28  3:02  Refinery  
  28  3:04  Supply Depot  
  29  3:06  Barracks Tech Lab  
  29  3:12  SCV  
  30  3:19  Hellion x2  
  34  3:23  Medivac  
  34  3:26  SCV  
  37  3:28  Marine  
  38  3:38  SCV  
  39  3:49  Marine  
  39  3:50  Command Center  
  40  3:58  Orbital Command  
  40  4:00  SCV  
  41  4:03  Medivac  
  41  4:07  Marine  
  44  4:12  SCV  
  45  4:24  Barracks  
  45  4:30  Marine  
  34  4:50  SCV  
  32  4:54  Barracks Tech Lab, Viking  
  32  4:56  SCV  
  34  5:02  SCV  
  34  5:05  Factory Tech Lab  
  34  5:06  Barracks  
  35  5:07  Orbital Command  
  35  5:14  Marine x3  
  35  5:19  Engineering Bay  
  38  5:22  SCV  
  38  5:23  Engineering Bay  
  38  5:26  Starport Reactor  
  38  5:27  Stimpack  
  40  5:35  SCV x2  
  40  5:42  Orbital Command  
  39  5:43  Marine  
  39  5:44  Marauder, Marine  
  39  5:47  SCV  
  39  5:48  SCV  
  39  5:49  Terran Infantry Weapons Level 1  
  45  5:54  Terran Infantry Armor Level 1  
  45  6:00  SCV x2  
  47  6:06  Refinery  
  47  6:07  Marauder  
  47  6:08  Marine, Refinery, Marauder  
  47  6:10  Marine  
  53  6:12  SCV x2  
  53  6:13  SCV  
  56  6:24  SCV x2, Medivac  
  60  6:26  Medivac, Marine  
  60  6:27  SCV  
  60  6:29  Marauder  
  66  6:35  Marauder, Marine  
  66  6:36  SCV  
  70  6:40  Supply Depot  
  70  6:41  SCV  
  70  6:42  SCV, Supply Depot  
  72  6:48  Combat Shields  
  72  6:49  Factory Tech Lab  
  72  6:50  Marine, Marauder  
  75  6:56  Marauder  
  77  7:02  Marine  
  75  7:08  Marine  
  75  7:09  Cyclone  
  75  7:12  Marauder  
  80  7:18  Marauder  
  80  7:20  Marine  
  80  7:24  Viking x2  
  80  7:26  Marine  
  75  7:33  Marauder  
  72  7:38  Marine  
  72  7:39  Marauder  
  75  7:44  Marine  
  73  7:54  Marine  
  73  7:55  Marine  
  63  8:00  Marine  
  63  8:02  Marine  
  63  8:03  SCV x2  
  67  8:12  Marine  
  68  8:13  Marine  
  68  8:18  Marine  
  68  8:19  Marine  
  68  8:22  Viking  
  65  8:29  SCV x3, Marine  
  65  8:31  Marine  
  70  8:36  Viking, Marine  
  70  8:37  Marine  
  70  8:41  SCV x3  
  75  8:47  Marine  
  78  8:49  Marine  
  78  8:53  SCV x3  
  78  8:54  Marine  
  78  8:55  Marine  
  82  9:05  SCV, Marine, Orbital Command  
  82  9:07  Marine  
  81  9:11  Marine  
  81  9:13  Marine  
  75  9:18  Barracks  
  75  9:19  Barracks  
  75  9:23  Marine  
  69  9:25  Concussive Shells, Marine  
  69  9:29  Marine  
  69  9:31  Marine  
  64  9:40  Medivac  
  64  9:41  Medivac, Marine  
  64  9:43  SCV x3, Marine  
  72  9:47  Supply Depot, Marine  
  72  9:49  Supply Depot, Marine  
  72  9:55  SCV x2  
  72  9:56  SCV  
  77  10:04  Refinery  
Show
View Real Time Build Order
Export as new Build Order

AgCl Protoss 

Build Orders: Oracle Opening, Oracle Opening, Carrier Rush 

Get SALT Encoding   

  12  0:15  Probe  
  12  0:18  Pylon  
  13  0:27  Probe  
  14  0:36  Assimilator  
  14  0:43  Probe  
  15  0:51  Gateway  
  15  0:55  Probe (Chrono Boost)  
  16  1:07  Probe (Chrono Boost)  
  17  1:14  Probe (Chrono Boost)  
  17  1:15  Pylon  
  18  1:24  Probe (Chrono Boost)  
  19  1:35  Probe (Chrono Boost)  
  19  1:39  Cybernetics Core  
  20  1:40  Zealot (Chrono Boost)  
  20  1:42  Probe (Chrono Boost)  
  23  1:50  Assimilator  
  23  1:53  Probe  
  23  2:05  Probe (Chrono Boost)  
  24  2:18  Mothership Core (Chrono Boost)  
  26  2:28  Stargate  
  26  2:32  Probe  
  27  2:44  Probe  
  28  2:51  Nexus  
  28  2:56  Probe  
  27  2:59  Warp Gate  
  27  3:05  Robotics Facility  
  27  3:21  Oracle (Chrono Boost)  
  30  3:31  Pylon  
  30  3:49  Probe  
  30  3:54  Observer (Chrono Boost)  
  32  4:01  Assimilator  
  33  4:04  Probe (Chrono Boost), Pylon  
  33  4:06  Probe (Chrono Boost)  
  34  4:11  Pylon  
  34  4:14  Probe (Chrono Boost)  
  36  4:18  Probe (Chrono Boost)  
  36  4:20  Fleet Beacon  
  36  4:21  Probe (Chrono Boost)  
  37  4:30  Probe x2 (Chrono Boost)  
  39  4:38  Probe x2  
  40  4:44  Carrier (Chrono Boost)  
  29  4:52  Probe (Chrono Boost)  
  28  4:55  Probe (Chrono Boost)  
  28  5:04  Probe (Chrono Boost)  
  28  5:06  Probe (Chrono Boost)  
  37  5:14  Probe (Chrono Boost)  
  37  5:21  Probe (Chrono Boost)  
  39  5:22  Probe (Chrono Boost)  
  40  5:31  Probe (Chrono Boost)  
  40  5:33  Probe (Chrono Boost)  
  41  5:38  Probe (Chrono Boost)  
  41  5:40  Probe  
  40  5:43  Graviton Catapult (Chrono Boost)  
  40  5:48  Probe  
  41  5:51  Pylon  
  41  5:52  Probe (Chrono Boost)  
  44  6:04  Probe (Chrono Boost)  
  44  6:05  Carrier (Chrono Boost)  
  44  6:06  Probe (Chrono Boost)  
  45  6:12  Gateway, Probe (Chrono Boost)  
  46  6:20  Probe (Chrono Boost)  
  46  6:21  Probe (Chrono Boost)  
  47  6:30  Probe (Chrono Boost)  
  54  6:38  Gateway  
  54  6:39  Probe  
  55  6:41  Probe  
  56  6:49  Protoss Air Weapons Level 1  
  56  6:51  Probe  
  56  6:52  Adept  
  56  6:54  Probe  
  57  7:03  Probe  
  57  7:06  Probe  
  53  7:15  Carrier (Chrono Boost)  
  53  7:20  Adept x2  
  48  8:01  Probe (Chrono Boost)  
  50  8:06  Probe (Chrono Boost)  
  50  8:10  Probe (Chrono Boost)  
  35  8:32  Mothership Core (Chrono Boost)  
  37  8:46  Probe (Chrono Boost), Nexus  
  39  8:52  Probe (Chrono Boost)  
  39  8:53  Assimilator  
  39  8:54  Probe (Chrono Boost)  
  40  8:58  Probe (Chrono Boost)  
  40  9:01  Probe  
  40  9:02  Pylon  
  40  9:04  Adept x2  
  34  9:18  Adept  
  28  9:44  Adept  
  28  9:45  Adept  
  27  9:59  Probe (Chrono Boost)  
  27  10:00  Probe (Chrono Boost)  
Tags
 
Add a new tag
Caveats
  • Supply blocks, unpowered buildings, or Contaminate may cause inaccurate times.
  • Supply counts are checked every 10 seconds.